 Dungeon Crawl Stone Soup version 0.24.0-123-gd5b16e6ec5 (webtiles) character file.

Game seed: 413200256890258100, levelgen mode: deterministic

1816 Norian the Thaumaturge (level 8, -6/41 HPs)
             Began as a Deep Elf Conjurer on Dec 20, 2019.
             Was a Follower of Vehumet.
             Shot with an arrow by a centaur (11 damage)
             ... on level 6 of the Dungeon.
             The game lasted 00:12:44 (5041 turns).

Norian the Thaumaturge (Deep Elf Conjurer)          Turns: 5041, Time: 00:12:45

Health: -6/41      AC:  4    Str:  7    XL:     8   Next: 85%
Magic:  15/23      EV: 13    Int: 21    God:    Vehumet [*.....]
Gold:   200        SH:  0    Dex: 15    Spells: 17/26 levels left

rFire    . . .     SeeInvis +   o - +1 scythe (protect)
rCold    + . .     Gourm    .   (shield currently unavailable)
rNeg     . . .     Faith    .   r - +2 robe {rC+}
rPois    +         Spirit   .   q - +0 hat {SInv}
rElec    .         Reflect  .   (no cloak)
rCorr    .         Harm     .   (no gloves)
MR       .....                  (no boots)
Stlth    ++........             b - amulet of magic regeneration
HPRegen  0.13/turn              s - ring of poison resistance
MPRegen  0.43/turn              (no ring)

@: no status effects
A: no striking features
a: Renounce Religion


You were on level 6 of the Dungeon.
You worshipped Vehumet.
Vehumet was aware of your devotion.
You were not hungry.

You visited 2 branches of the dungeon, and saw 7 of its levels.
You also visited: Ossuary.

You collected 275 gold pieces.
You spent 75 gold pieces at shops.

Inventory:

Hand Weapons
 o - a +1 scythe of protection (weapon)
Armour
 q - a +0 hat of see invisible (worn)
 r - a +2 robe of cold resistance (worn)
 w - the cursed +1 leather armour of Salvation {rC+++ Regen+ Int-4 Dex+4, unknown}
   (You found it on level 4 of the Dungeon)

   It affects your intelligence (-4).
   It affects your dexterity (+4).
   It renders you almost immune to cold.
   It increases your rate of regeneration.
   It has a curse placed upon it.
Jewellery
 b - an amulet of magic regeneration (around neck)
 k - an uncursed amulet of rage {unknown}
 n - an uncursed amulet of rage {unknown}
 s - a ring of poison resistance (left hand)
 y - an uncursed amulet of guardian spirit {unknown}
 z - a cursed ring of teleportation {unknown}
Scrolls
 d - 11 scrolls of identify
 g - 6 scrolls of remove curse
 i - 3 scrolls of enchant weapon {unknown}
 j - 3 scrolls of teleportation {unknown}
 m - 2 scrolls of amnesia {unknown}
 v - 4 scrolls of enchant armour {unknown}
 A - 2 scrolls of magic mapping {unknown}
 E - a scroll of random uselessness {unknown}
Potions
 a - 2 potions of resistance {unknown}
 e - 3 potions of flight
 f - 2 potions of curing
 h - 2 potions of ambrosia {unknown}
 l - 2 potions of mutation {unknown}
 p - a potion of cancellation {unknown}
 t - a potion of agility {unknown}
 u - 4 potions of might {unknown}
 x - a potion of berserk rage {unknown}
 B - a potion of magic {unknown}
 C - a potion of haste {unknown}
 D - a potion of heal wounds {unknown}
Comestibles
 c - 10 rations


   Skills:
 + Level 3.2 Armour
 - Level 2.4 Dodging
 - Level 2.4 Stealth
 + Level 9.6 Spellcasting
 + Level 8.8 Conjurations
 - Level 5.0 Hexes


You had 17 spell levels left.
You knew the following spells:

 Your Spells              Type           Power        Failure   Level  Hunger
a - Magic Dart            Conj           ####         1%          1    None
b - Iskenderun's Mystic   Conj           #####...     1%          4    ##.....
c - Fulminant Prism       Conj/Hex       #####.....   3%          4    ##.....

Your spell library contained the following spells:

 Spells                   Type           Power        Failure   Level  Hunger
 Sting                    Conj/Pois      ####         1%          1    None
 Searing Ray              Conj           #####.       1%          2    None
 Dazzling Spray           Conj/Hex       #####.       1%          3    None
 Force Lance              Conj/Tloc      ####....     11%         4    ##.....


Dungeon Overview and Level Annotations

Branches:
Dungeon (6/15)             Temple (1/1) D:4         Ossuary (visited)

Altars:
Ashenzari
Cheibriados
Dithmenos
Elyvilon
Fedhas
Gozag
Hepliaklqana
Makhleb
Nemelex Xobeh
Okawaru
Qazlal
Ru
Sif Muna
Trog
Uskayaw
Vehumet
Wu Jian
Xom
Zin
The Shining One

Shops:
D:6 ?

Annotations:
D:6 3 runed translucent doors, FishyPogo's ghost, novice GnWz


Message History

The arrow hits you.
You see here 2 arrows.
The centaur shoots an arrow.
The arrow hits you!
Casting: Magic Dart (safe; 1% risk of failure)
Confirm with . or Enter, or press ? or * to list all spells.
Aiming: Iskenderun's Mystic Blast (safe; 1% risk of failure)
Press: ? - help, Shift-Dir - straight line, f - centaur
Aim: a centaur, wielding a +0 shortbow The orb of energy misses the centaur.
The centaur shoots an arrow.
The arrow barely misses you.
The centaur shoots an arrow.
The arrow hits you!
* * * LOW HITPOINT WARNING * * *
Casting: Iskenderun's Mystic Blast (safe; 1% risk of failure)
Confirm with . or Enter, or press ? or * to list all spells.
Aiming: Iskenderun's Mystic Blast (safe; 1% risk of failure)
Press: ? - help, Shift-Dir - straight line, f/p - centaur
Aim: a centaur, wielding a +0 shortbow The orb of energy hits the centaur!
The centaur is heavily wounded.
The centaur shoots an arrow.
The arrow hits you!
You die...

##.## ##c..## ##.....## .
## ....... .. ##...##.....
... ##.....##...# ....
#P.#K#.P#...#.....
#⌠K#K#.⌠#.@.......
#≈K#K#KK#(($#.#.##
###KKW.K##.%.#.#
#.##+++##.####.#+###
#.........# ......
##.......## ##......#
#..##.#.# ##........
#######..#....###.........
................'...##...##


You could see a centaur.

Vanquished Creatures
  Grinder (D:3)
  Sigmund (D:2)
  Duvessa (D:5)
  An ice beast (D:6)
  A centaur (D:5)
  2 ogres
  A bullfrog (D:6)
  Dowan (D:5)
  4 scorpions
  The ghost of dasteron the Ruffian, a weakling TrMo (D:3)
  A quasit (D:6)
  A centaur zombie (Ossuary)
  A hound (D:6)
  2 orc priests (D:5)
  2 orc wizards (D:4)
  Jessica (D:2)
  Natasha (thrice) (D:2)
  An iguana (D:6)
  6 big kobold zombies (Ossuary)
  4 mummies (Ossuary)
  7 adders
  3 oozes
  An adder zombie (D:5)
  3 worms
  3 dart slugs
  2 leopard geckos
  16 orcs
  5 ball pythons
  3 giant cockroaches
  7 goblins
  6 hobgoblins
  10 jackals
  2 quokkas
  2 bats
  3 frilled lizards
  A goblin zombie (D:6)
  2 hobgoblin zombies (Ossuary)
  5 kobolds
  2 quokka zombies
  10 rats
129 creatures vanquished.

Vanquished Creatures (others)
  A wizard (D:5)
  15 fulminant prisms
  A fungus (D:6)
  A plant (D:6)
18 creatures vanquished.

Grand Total: 147 creatures vanquished

Notes
Turn   | Place    | Note
-------+----------+-------------------------------------------
     0 | D:1      | Norian the Deep Elf Conjurer began the quest for the Orb.
     0 | D:1      | Reached XP level 1. HP: 10/10 MP: 6/6
   304 | D:1      | Reached XP level 2. HP: 7/15 MP: 1/8
   666 | D:1      | Reached skill level 4 in Spellcasting
  1036 | D:2      | Noticed Natasha
  1043 | D:2      | Killed Natasha
  1043 | D:2      | Reached skill level 5 in Conjurations
  1043 | D:2      | Reached XP level 3. HP: 10/19 MP: 4/10
  1108 | D:2      | Noticed Jessica
  1207 | D:2      | Reached XP level 4. HP: 23/24 MP: 8/12
  1222 | D:2      | Noticed Sigmund
  1410 | D:2      | Learned a level 4 spell: Iskenderun's Mystic Blast
  1415 | D:2      | Learned a level 4 spell: Fulminant Prism
  1497 | D:2      | Killed Sigmund
  1497 | D:2      | Reached skill level 5 in Spellcasting
  1497 | D:2      | Reached XP level 5. HP: 22/28 MP: 2/15
  1615 | D:2      | Noticed Natasha
  1621 | D:2      | Killed Natasha
  1658 | D:2      | Found a stormy altar of Qazlal.
  1821 | D:2      | Killed Jessica
  1821 | D:2      | Reached XP level 6. HP: 26/32 MP: 3/16
  1942 | D:2      | Noticed Natasha
  1945 | D:2      | Killed Natasha
  1945 | D:2      | Reached skill level 6 in Spellcasting
  2144 | D:3      | Noticed Grinder
  2153 | D:3      | Killed Grinder
  2199 | D:3      | Found a runed translucent door.
  2209 | D:3      | Noticed dasteron's ghost (weakling TrMo)
  2280 | D:3      | Reached XP level 7. HP: 28/36 MP: 14/19
  2469 | D:3      | Found a runed translucent door.
  2674 | D:3      | Killed dasteron's ghost
  2841 | D:4      | Reached skill level 7 in Spellcasting
  2841 | D:4      | Reached skill level 5 in Hexes
  2932 | D:4      | Found the +8 glaive of the Guard {elec, +Rage AC+5 SInv}
  3010 | D:4      | Found a staircase to the Ecumenical Temple.
  3018 | Temple   | Entered the Ecumenical Temple
  3099 | Temple   | Became a worshipper of Vehumet
  3357 | D:4      | Got a slimy leather armour
  3665 | D:4      | Found a shadowy altar of Dithmenos.
  3670 | D:4      | Found an opulent altar of Gozag.
  3885 | D:5      | Entered Level 5 of the Dungeon
  3937 | D:5      | Reached skill level 8 in Spellcasting
  3977 | D:5      | Reached skill level 1 in Armour
  3977 | D:5      | Reached XP level 8. HP: 29/41 MP: 8/22
  4161 | D:5      | Noticed Duvessa
  4161 | D:5      | Noticed Dowan
  4171 | D:5      | Killed Duvessa
  4173 | D:5      | Killed Dowan
  4263 | D:5      | Found a bloodstained altar of Trog.
  4264 | D:5      | Noticed a wizard
  4270 | D:5      | Killed a wizard
  4390 | D:6      | Found a sand-covered staircase.
  4409 | Ossuary  | Entered an ossuary
  4412 | Ossuary  | Reached * piety under Vehumet
  4412 | Ossuary  | Offered knowledge of Sting by Vehumet.
  4456 | Ossuary  | Reached skill level 9 in Spellcasting
  4784 | D:6      | Found Qeberesh's Magic Scroll Shop.
  4789 | D:6      | Bought a scroll of identify for 30 gold pieces
  4789 | D:6      | Bought a scroll of remove curse for 45 gold pieces
  4996 | D:6      | Found an iron altar of Okawaru.
  5008 | D:6      | Found a runed translucent gate.
  5008 | D:6      | Found a runed translucent gate.
  5009 | D:6      | Found a runed translucent gate.
  5017 | D:6      | Noticed FishyPogo's ghost (novice GnWz)
  5020 | D:6      | Noticed a kobold demonologist
  5041 | D:6      | Shot with an arrow by a centaur

Levels and vault maps discovered:
D:1:      saegor_arrival_under_anarchy, layout_basic, minmay_misc_feat_chi
D:2:      layout_basic, nicolae_qazlal_eye_of_the_storm, uniq_sigmund,
          uniq_jessica, uniq_natasha
D:3:      layout_basic, ebering_ghost_sewer_f, uniq_grinder
D:4:      layout_layer_cave, amethyst_overflow_temple_binary,
          minmay_temple_entry_glassed_door, palyth_stone_intersect
D:5:      layout_rooms, first_ration, trog_wizard, uniq_duvessa
D:6:      layout_loops_corners, enter_ossuary_4, gammafunk_ghost_nasty_kobolds,
          serial_shops, nicolae_shop_temple_entry_statues_fountains,
          okawaru_gym_becter
Temple:   minmay_crystal_spiral_temple

Skill      XL: |  1  2  3  4  5  6  7  8 |
---------------+-------------------------+-----
Spellcasting   | 4 5 6 8 9 |  9.6
Conjurations   | 5 6 7 8 |  8.8
Hexes          | 2 3 4 5 |  5.0
Armour         | 1 3 |  3.2
Dodging        | |  2.4
Stealth        | |  2.4

Action                   |  1- 3 |  4- 6 |  7- 9 || total
-------------------------+-------+-------+-------++-------
Melee: Scythe            |       |     7 |    32 ||    39
 Cast: Magic Dart        |    65 |    38 |   127 ||   230
       Iskenderun's Myst |       |    16 |    30 ||    46
       Fulminant Prism   |       |     2 |    13 ||    15
  Use: Potion            |       |     2 |     1 ||     3
 Stab: Sleeping          |       |     1 |       ||     1
  Eat: Chunk             |     1 |     4 |    11 ||    16
       Ration            |       |       |     1 ||     1
Armor: Robe              |     1 |     6 |    30 ||    37
Dodge: Dodged            |     8 |    24 |    56 ||    88
